 Dungeon Crawl Stone Soup version 0.26.1-2-gb8aa6d0cf2 (webtiles) character file.

Game seed: 18362094693147993588

913 Qrupt the Caller (level 8, 0/60 HPs)
             Began as a Human Wanderer on Feb 25, 2021.
             Was an Initiate of Okawaru.
             Splashed by a jelly's acid (10 damage)
             ... on level 5 of the Dungeon.
             The game lasted 00:19:38 (8572 turns).

Qrupt the Caller (Human Wanderer)                   Turns: 8572, Time: 00:19:40

Health: 0/60       AC: -8    Str: 15    XL:     8   Next: 30%
Magic:  7/13       EV: 13    Int: 11    God:    Okawaru [......]
Gold:   307        SH:  0    Dex: 14    Spells: 6/13 levels left

rFire    . . .     SeeInvis .   q - +0 long sword
rCold    + . .     Faith    .   (no shield)
rNeg     . . .     Spirit   .   d - +0 robe
rPois    .         Reflect  .   D - +0 helmet
rElec    .         Harm     .   (no cloak)
rCorr    .         Rampage  .   r - +2 pair of gloves
Will     .....                  c - +0 pair of boots
Stlth    +.........             f - amulet of the acrobat
HPRegen  0.20/turn              g - ring of protection from cold
MPRegen  0.13/turn              (no ring)

@: corroded
A: no striking features
a: Renounce Religion


You were on level 5 of the Dungeon.
You worshipped Okawaru.
Okawaru was noncommittal.
You visited 2 branches of the dungeon, and saw 6 of its levels.
You also visited: Ossuary.

You collected 307 gold pieces.

Inventory:

Hand Weapons
 q - a +0 long sword (weapon)
 s - a +1 war axe of freezing
Missiles
 x - 38 poisoned darts
Armour
 c - a +0 pair of boots (worn)
 d - a +0 robe (worn)
 e - a +0 kite shield
 r - a +2 pair of gloves (worn)
 D - a +0 helmet (worn)
Jewellery
 f - an amulet of the acrobat (around neck)
 g - a ring of protection from cold (left hand)
 l - an uncursed amulet of regeneration {unknown}
 p - an uncursed ring of ice
Scrolls
 a - 3 scrolls of blinking
 b - 2 scrolls of amnesia
 j - a scroll of fog {unknown}
 k - 2 scrolls of teleportation
 t - a scroll of enchant armour {unknown}
 u - 2 scrolls of enchant weapon {unknown}
 y - a scroll of summoning {unknown}
 B - a scroll of magic mapping {unknown}
 C - a scroll of fear {unknown}
 E - 3 scrolls of identify
Potions
 h - 2 potions of ambrosia {unknown}
 i - 3 potions of might
 m - 2 potions of attraction
 o - 2 potions of resistance
 v - 2 potions of lignification
 w - a potion of heal wounds {unknown}
 z - a potion of flight {unknown}
 A - a potion of curing {unknown}
 F - a potion of degeneration {unknown}


   Skills:
 + Level 3.8 Fighting
 + Level 3.2 Long Blades
 - Level 1.0 Bows
 - Level 1.0 Throwing
 - Level 1.4 Armour
 + Level 3.5 Dodging
 - Level 1.0 Shields
 + Level 3.3 Spellcasting
 - Level 3.0 Hexes
 - Level 4.1 Summonings
 - Level 3.0 Ice Magic


You had 6 spell levels left.
You knew the following spells:

 Your Spells              Type           Power        Failure   Level
a - Summon Small Mammal   Summ           44%          4%          1
b - Ensorcelled Hibernat  Hex/Ice        16%          11%         2
c - Blink                 Tloc           N/A          36%         2
d - Slow                  Hex            8%           11%         2

Your spell library contained the following spells:

 Spells                   Type           Power        Failure   Level
 Call Imp                 Summ           11%          7%          2
 Summon Guardian Golem    Hex/Summ       9%           17%         3
 Magic Dart               Conj           4%           26%         1
 Conjure Flame            Conj/Fire      1%           58%         3
 Mephitic Cloud           Conj/Pois/Air  1%           58%         3


Dungeon Overview and Level Annotations

Branches:
Dungeon (5/15)             Temple (1/1) D:5         Ossuary (visited)

Altars:
Ashenzari
Cheibriados
Dithmenos
Elyvilon
Fedhas
Gozag
Kikubaaqudgha
Makhleb
Okawaru
Qazlal
Ru
Sif Muna
Trog
Uskayaw
Vehumet
Wu Jian
Xom
Yredelemnul
The Shining One


Message History

Your magical contamination has completely faded away.
You hit the jelly.
Your hands burn!
The jelly is almost dead.
The jelly hits you.
You are splashed with acid!
You are too injured to fight recklessly!
You are too injured to fight recklessly!
You hit the jelly but do no damage.
Your hands burn!
The jelly is almost dead.
The jelly barely misses you.
You hit the jelly but do no damage.
Your hands burn!
The jelly is almost dead.
The jelly hits you. The acid corrodes you!
You are splashed with acid!
* * * LOW HITPOINT WARNING * * *
You hit the jelly but do no damage.
Your hands burn!
* * * LOW HITPOINT WARNING * * *
The jelly is almost dead.
The jelly hits you.
* * * LOW HITPOINT WARNING * * *
The acid corrodes you!
You are splashed with acid!
You die...

.....#
#.......##.#
......
#.......##.#
#.......##.#
#.......##.#
#.......##)#
#.......##.#
#..........#
#.......####
#......@#
#.....J.#
#.......#
#.......#
+.......#
#......##
#......
#......


You could see a jelly.

Vanquished Creatures
  The ghost of Groucho the Covert, an amateur SpEn of Kikubaaqudgha (D:4)
  An ice beast (D:5)
  2 ogres
  3 centaur zombies (Ossuary)
  2 human zombies (Ossuary)
  An orc priest (D:3)
  A hound (D:5)
  A centaur skeleton (D:4)
  A worker ant (D:4)
  An orc wizard (D:5)
  A big kobold zombie (Ossuary)
  A hound zombie (Ossuary)
  A hound skeleton (D:5)
  3 mummies (Ossuary)
  4 adders
  2 adder zombies (Ossuary)
  2 worms
  2 dart slugs (D:2)
  4 leopard geckos
  16 orcs
  11 bats
  7 giant cockroaches
  5 goblins
  6 hobgoblins
  9 jackals
  4 quokkas
  A ball python (D:3)
  4 frilled lizards (D:2)
  A gnoll zombie (Ossuary)
  3 goblin zombies (Ossuary)
  4 hobgoblin zombies (Ossuary)
  A jackal skeleton (D:4)
  A jackal zombie (Ossuary)
  9 kobolds
  4 kobold zombies (Ossuary)
  An orc zombie (Ossuary)
  A quokka zombie (Ossuary)
  6 rats
  3 rat zombies (Ossuary)
131 creatures vanquished.

Vanquished Creatures (collateral kills)
  A centaur zombie (Ossuary)
  A big kobold zombie (Ossuary)
  2 adders
  An ooze (D:1)
  An adder zombie (Ossuary)
  A leopard gecko (D:1)
  A bat (D:1)
  A gnoll zombie (Ossuary)
  3 goblins (D:1)
  4 hobgoblins (D:1)
  A quokka (D:2)
  A frilled lizard (D:1)
  A goblin zombie (Ossuary)
  A hobgoblin zombie (Ossuary)
  A kobold (D:1)
  A kobold zombie (Ossuary)
  3 rat zombies (Ossuary)
25 creatures vanquished.

Vanquished Creatures (others)
  2 withered plants (D:4)
2 creatures vanquished.

Grand Total: 158 creatures vanquished

Notes
Turn   | Place    | Note
-------+----------+-------------------------------------------
     0 | D:1      | Qrupt the Human Wanderer began the quest for the Orb.
     0 | D:1      | Qrupt set off with the following items: a +0 club, a +0
                  | robe, a +0 kite shield; and the following spell memorised:
                  | Summon Small Mammal; and the following spells available to
                  | memorise: Summon Guardian Golem, Ensorcelled Hibernation,
                  | Slow
     0 | D:1      | Reached XP level 1. HP: 15/15 MP: 2/2
   788 | D:1      | Reached XP level 2. HP: 21/21 MP: 0/3
  1431 | D:1      | Reached XP level 3. HP: 24/26 MP: 1/5
  1740 | D:2      | Learned a level 2 spell: Ensorcelled Hibernation
  1817 | D:2      | Reached skill level 1 in Dodging
  2996 | D:2      | Reached XP level 4. HP: 27/33 MP: 6/6
  3516 | D:2      | Found a burning altar of Makhleb.
  3758 | D:2      | Found a bloodstained altar of Trog.
  4246 | D:3      | Reached skill level 1 in Long Blades
  4246 | D:3      | Reached skill level 1 in Hexes
  4246 | D:3      | Reached skill level 1 in Ice Magic
  4246 | D:3      | Reached XP level 5. HP: 23/38 MP: 5/7
  4599 | D:3      | Found a hide-covered altar of Uskayaw.
  4717 | D:3      | Learned a level 2 spell: Blink
  4720 | D:3      | Learned a level 2 spell: Slow
  5184 | D:4      | Found an ancient bone altar of Kikubaaqudgha.
  5310 | D:4      | Found a sand-covered staircase.
  5358 | Ossuary  | Entered an ossuary
  5457 | Ossuary  | Reached XP level 6. HP: 22/46 MP: 7/9
  6104 | Ossuary  | Reached XP level 7. HP: 48/51 MP: 10/10
  6458 | D:4      | Found an opulent altar of Gozag.
  6683 | D:4      | Found a runed translucent door.
  6683 | D:4      | Noticed Groucho's ghost (amateur SpEn)
  7160 | D:4      | Found a shimmering altar of Xom.
  7253 | D:4      | Found a broken altar of Ashenzari.
  7408 | D:4      | Killed Groucho's ghost
  7547 | D:5      | Entered Level 5 of the Dungeon
  7566 | D:5      | Found a staircase to the Ecumenical Temple.
  7602 | D:5      | Reached XP level 8. HP: 48/58 MP: 12/12
  7619 | Temple   | Entered the Ecumenical Temple
  7876 | Temple   | Became a worshipper of Warmaster Okawaru
  8015 | D:5      | HP: 2/58 [orc wizard/puff of flame (12)]
  8379 | D:5      | Found a radiant altar of Vehumet.
  8572 | D:5      | Splashed by a jelly's acid

Illustrated notes

Levels and vault maps discovered:
D:1:      dpeg_arrival_orchard, layout_loops_ring
D:2:      layout_loops_ring, minitemple, minmay_misc_feat_chi,
          chequers_serial_rivers_micro_d
D:3:      layout_rooms, nicolae_overflow_crystal_walls, grunt_ministairs_9
D:4:      layout_basic, lemuel_coloured_pillars_altar, marbit_many_paths,
          kennysheep_mini_moat, enter_ossuary_2, gammafunk_ghost_grave,
          nicolae_gozag_cash_rules_everything_around_me
D:5:      layout_basic, lemuel_crystal_altar, nzn_hepliaklqana_mist_gate,
          minmay_temple_entry_overgrown, kennysheep_nondescript
Temple:   minmay_temple_bridge_abc

Skill      XL: |  1  2  3  4  5  6  7  8 |
---------------+-------------------------+-----
Dodging        | 1 2 3 |  3.5
Fighting       | 2 3 |  3.8
Long Blades    | 1 2 3 |  3.2
Hexes          | 1 2 3 |  3.0
Ice Magic      | 1 2 3 |  3.0
Spellcasting   | 2 3 |  3.3
Bows           | |  1.0
Throwing       | |  1.0
Armour         | |  1.4
Shields        | |  1.0
Summonings     | |  4.1

Action                   |  1- 3 |  4- 6 |  7- 9 || total
-------------------------+-------+-------+-------++-------
Melee: Club              |    79 |       |       ||    79
       Long sword        |    47 |   251 |   187 ||   485
 Cast: Summon Small Mamm |    31 |    39 |    19 ||    89
       Ensorcelled Hiber |       |       |     3 ||     3
  Use: Scroll            |       |     5 |     1 ||     6
       Potion            |       |       |     3 ||     3
 Stab: Sleeping          |     1 |     2 |     2 ||     5
       Distracted        |       |     2 |       ||     2
Armor: Robe              |    31 |    73 |    52 ||   156
Dodge: Dodged            |   123 |   210 |   119 ||   452
       Rpst.: Long sword |    15 |    63 |    36 ||   114
